 Dungeon Crawl Stone Soup version 0.31-a0-360-gb3e1d13bf4 (webtiles) character file.

Game seed: 2839093586536547559

856 mdonais the Grave Robber (level 8, -2/52 HPs)
             Began as an Octopode Wanderer on July 25, 2023.
             Was an Initiate of Cheibriados.
             Killed from afar by an orc wizard (8 damage)
             ... with a magic dart
             ... on level 4 of the Dungeon on July 27, 2023.
             The game lasted 00:23:58 (4702 turns).

mdonais the Grave Robber (Octopode Wanderer)        Turns: 4702, Time: 00:23:59

Health: -2/52      AC:  1    Str:  9    XL:     8   Next: 2%
Magic:  5/12       EV: 13    Int: 17    God:    Cheibriados [......]
Gold:   296        SH:  5    Dex: 16    Spells: 9/13 levels left

rFire   . . .        q - +4 dagger
rCold   . . .        f - +0 buckler
rNeg    . . .        (helmet restricted)
rPois   .            (no amulet)
rElec   .            (no ring)
rCorr   .            (no ring)
SInv    .            (no ring)
Will    .....        (no ring)
Stlth   ++++         (no ring)
HPRegen 0.28/turn    (no ring)
MPRegen 0.13/turn    (no ring)
                     (no ring)

%: no passive effects
@: about to teleport, very slow
A: almost no armour, amphibious, 8 rings, camouflage 1, gelatinous body 1,
(nimble swimmer 1), tentacles
a: Renounce Religion


You were on level 4 of the Dungeon.
You worshipped Cheibriados.
Cheibriados was noncommittal.
You visited 1 branch of the dungeon, and saw 5 of its levels.

You collected 416 gold pieces.
You spent 120 gold pieces at shops.

Inventory:

Hand Weapons
 a - a +1 dagger of venom
   (You took it off a goblin on level 2 of the Dungeon)
 b - a +0 sling
   (You found it on level 1 of the Dungeon)
 l - a +0 rapier
   (You took it off Eustachio on level 4 of the Dungeon)
 q - a +4 dagger (weapon)
   (You took it off a goblin on level 3 of the Dungeon)
Missiles
 e - 12 poisoned darts
 F - 2 curare-tipped darts (quivered)
 Z - a throwing net {=!f}
Armour
 f - a +0 buckler (worn)
   (You found it on level 1 of the Dungeon)
Wands
 D - a wand of digging (7)
   (You found it on level 2 of the Dungeon)
 V - a wand of flame (7)
Scrolls
 d - 2 scrolls of blinking {unknown}
 h - a scroll of enchant armour {unknown}
 k - a scroll of noise {unknown}
 o - 3 scrolls of poison
 R - a scroll of identify
 T - a scroll of teleportation
Potions
 g - 2 potions of attraction {unknown}
 i - 3 potions of curing {unknown}
 j - 2 potions of lignification
 m - a potion of enlightenment {unknown}
 r - 2 potions of heal wounds {unknown}
 t - a potion of mutation {unknown}
 u - a potion of degeneration {unknown}


   Skills:
 + Level 3.2 Fighting
 - Level 3.0 Dodging
 - Level 4.0 Stealth
 - Level 4.0 Shields
 - Level 3.0 Spellcasting
 - Level 3.0 Conjurations
 - Level 5.0 Necromancy
 - Level 3.0 Translocations
 - Level 1.1 Evocations


You had 9 spell levels left.
You knew the following spells:

 Your Spells              Type           Power      Damage    Failure   Level
a - Necrotise             Necr           76%        1d7       3%          1
b - Momentum Strike       Conj/Tloc      24%        3d8       11%         2
c - Kiss of Death         Conj/Necr      64%        2d10      4%          1

Your spell library contained the following spells:

 Spells                   Type           Power      Damage    Failure   Level
 Sublimation of Blood     Necr           19%        N/A       4%          2
 Lesser Beckoning         Tloc           24%        N/A       11%         2
 Cigotuvi's Dreadful Rot  Necr/Pois/Air  16%        N/A       21%         2
 Petrify                  Tmut/Erth      2%         N/A       94%         4
 Irradiate                Conj/Tmut      3%         3d12      98%         5


Dungeon Overview and Level Annotations

Branches:
Dungeon (5/15) Zot: 38161
 Temple: D:4-7

Altars:
Ashenzari
Cheibriados
Makhleb
Xom
Yredelemnul

Shops:
D:4 !*


Innate Abilities, Weirdness & Mutations

You cannot wear most types of armour.
You are amphibious.
You can wear up to eight rings at the same time.
Your skin changes colour to match your surroundings (Stealth+).
Your rubbery body absorbs attacks. (AC +1, EV +1)
((You are camouflaged when in or above water. (Stealth+)))
You have tentacles for arms and can constrict up to eight enemies at once.


Message History

Eustachio is almost dead.
Eustachio hits you with a +0 rapier.
You take 5 damage, and have 40/45 hp.
You barely miss Eustachio. You grab Eustachio.
You squeeze Eustachio, but do no damage.
Eustachio is almost dead.
You constrict Eustachio.
You kill Eustachio!
Press: ? - help, v - describe, . - travel, g - get item
Items here: a +0 rapier; a +0 leather armour; the human corpse of Eustachio.
The floor.
Removed exclusion.
Things that are here:
a +0 rapier; a +0 leather armour; the human corpse of Eustachio
e - 11 poisoned darts (gained 1)
e - 12 poisoned darts (gained 1)
Things that are here:
a +0 rapier; a +0 leather armour; the human corpse of Eustachio
l - a +0 rapier HP restored.
Magic restored.
You open the door.
There is an open door here.
An orc priest comes into view. It is wielding a +0 dagger.
Health restored: 45; MP restored: 11 A jelly, an orc priest, 2 orcs and a giant cockroach come into view.
The orc shouts!
You hear a shout!
The orc priest shouts! x2
The jelly quivers.
The orc priest mumbles some strange prayers to Beogh against you.
Beogh smites you!
The orc priest mumbles some strange prayers to Beogh against you.
Beogh smites you! The orc priest completely misses you.
The orc moves out of view. x2
You take 19 damage, and have 26/45 hp.
MASSIVE DAMAGE!!
You closely miss the orc priest. You grab the orc priest.
You squeeze the orc priest.
The orc priest is moderately wounded.
You constrict the orc priest. You block the orc priest's attack.
An orc wizard comes into view. It is wielding a +0 dagger.
Aiming: Throw Flame
Press: ? - help, Shift-Dir - straight line, f - orc wizard
Aim: an orc wizard, wielding a +0 dagger and wearing a +0 robe (wandering, hasn't noticed you, 60% to hit)
Okay, then.
Unknown command.
Okay, then.
Unknown command.
Throw: 4 darts (curare)
Press: ? - help, Q - select action, (/) - cycle Shift-Dir - straight line, f - orc priest
Aim: an orc priest, wielding a +0 dagger (heavily wounded, constricted by you, 89% to hit)
Okay, then.
Unknown command.
Casting: Necrotise (safe; 3% risk of failure)
Confirm with . or Enter, or press ? or * to list all spells.
Aiming: Necrotise (safe; 3% risk of failure)
Press: ? - help, Shift-Dir - straight line, f - orc priest
Aim: an orc priest, wielding a +0 dagger (heavily wounded, constricted by you, chance to affect: 78%)
The orc priest writhes in agony.
You constrict the orc priest.
The orc priest looks satisfied for a moment.
You block the orc priest's attack.
You now have 10/11 mp.
Casting: Necrotise (safe; 3% risk of failure)
Confirm with . or Enter, or press ? or * to list all spells.
Aiming: Necrotise (safe; 3% risk of failure)
Press: ? - help, Shift-Dir - straight line, f/p - orc priest
Aim: an orc priest, wielding a +0 dagger (severely wounded, constricted by you, chance to affect: 78%)
The orc priest writhes in agony!
You kill the orc priest!
Cheibriados thoroughly appreciates the change of pace.
The dead are walking!
Training target 3.0 for Dodging reached!
Your Fighting skill increases to level 3!
Your Dodging skill increases to level 3!
You now have 9/11 mp.
The giant cockroach bites you.
Your orc priest skeleton barely misses the giant cockroach.
You take 1 damage, and have 26/46 hp.
Casting: Necrotise (safe; 3% risk of failure)
Confirm with . or Enter, or press ? or * to list all spells.
Aiming: Necrotise (safe; 3% risk of failure)
Press: ? - help, Shift-Dir - straight line, f - giant cockroach
Aim: a giant cockroach (ally target, chance to affect: 89%)
The giant cockroach writhes in agony.
You block the giant cockroach's attack.
You now have 8/11 mp.
Casting: Necrotise (safe; 3% risk of failure)
Confirm with . or Enter, or press ? or * to list all spells.
Aiming: Necrotise (safe; 3% risk of failure)
Press: ? - help, Shift-Dir - straight line, f/p - giant cockroach
Aim: a giant cockroach (severely wounded, ally target, chance to affect: 89%)
The giant cockroach writhes in agony.
You kill the giant cockroach!
Cheibriados thoroughly appreciates the change of pace.
Your orc priest skeleton hits the jelly.
Your orc priest skeleton is burned by acid!
You now have 7/11 mp.
Your orc priest skeleton hits the jelly.
The acid corrodes your orc priest skeleton!
Your orc priest skeleton is burned by acid!
The orc priest mumbles some strange prayers to Beogh against you.
Beogh smites you!
You take 13 damage, and have 14/46 hp.
MASSIVE DAMAGE!!
Casting: Necrotise (safe; 3% risk of failure)
Confirm with . or Enter, or press ? or * to list all spells.
Aiming: Necrotise (safe; 3% risk of failure)
Press: ? - help, Shift-Dir - straight line, f - jelly
Aim: a jelly (lightly wounded, ally target, chance to affect: 84%)
The jelly writhes in agony.
The jelly hits you.
* * * LOW HITPOINT WARNING * * *
You are splashed with acid!
* * * LOW HITPOINT WARNING * * *
You take 10 damage, and have 4/46 hp.
MASSIVE DAMAGE!!
You now have 6/11 mp.
Casting: Necrotise (safe; 3% risk of failure)
Confirm with . or Enter, or press ? or * to list all spells.
Aiming: Momentum Strike (safe; 12% risk of failure)
Press: ? - help, Dir - move target, f/p - jelly
Aim: a jelly (heavily wounded, ally target, 100% to hit)
The concentrated momentum hits the jelly!!
You kill the jelly!
Cheibriados appreciates the change of pace.
You are unable to move.
Your orc priest skeleton barely misses the orc priest.
Training target 3.0 for Conjurations reached!
Your Conjurations skill increases to level 3!
You have reached level 8!
You now have 5/12 mp.
As you read the scroll of fog, it dissolves into smoke.
Your orc priest skeleton hits the orc wizard but does no damage.
You cannot move.
As you read the scroll of teleportation, it crumbles to dust.
You feel strangely unstable.
Throw: 4 darts (curare)
Press: ? - help, Q - select action, (/) - cycle Shift-Dir - straight line, f - orc wizard
Aim: an orc wizard, wielding a +0 dagger and wearing a +0 robe (grey smoke, ally target, 50% to hit)
You throw a curare-tipped dart.
The curare-tipped dart closely misses the orc wizard.
Your orc priest skeleton barely misses the orc wizard.
Something hits your orc priest skeleton!
Throw: 3 darts (curare)
Press: ? - help, Q - select action, (/) - cycle Shift-Dir - straight line, f/p - orc wizard
Aim: an orc wizard, wielding a +0 dagger and wearing a +0 robe (grey smoke, ally target, 50% to hit)
You throw a curare-tipped dart.
The curare-tipped dart hits the orc wizard.
The orc wizard is poisoned.
The orc wizard convulses.
The orc wizard seems to slow down.
The orc wizard is heavily wounded.
You are no longer robbed of momentum.
The orc hits your orc priest skeleton with a +0 short sword.
Your orc priest skeleton hits the orc but does no damage.
The orc wizard gestures at you while chanting.
The magic dart hits you!
You die...

######### #........ #.#######
##### #.# ##...## #.#
######### ##.....###.#
#.......####§Zo§...##.#######
#......>'##§§o#)#...##.....##
#.......##§§@##J# ..##.....#
#......##.§§## o. .#######
####.[##..§## o.. # #..#...##
.... ##### #..'..## ....#
#.... #..#...# ....# #....
#..##...# ##.... #...##...#
##..... #....##...# ##......


You could see an orc wizard (very poisoned, slow), an orc (ally target) and a
friendly orc priest skeleton (corroded).

Vanquished Creatures
  Eustachio (D:4)
  A water moccasin (D:4)
  A bullfrog (D:4)
  A scorpion (D:4)
  2 wights (D:4)
  A crimson imp (D:4)
  2 orc priests
  An iron imp (D:4)
  A jelly (D:4)
  4 orc wizards
  6 adders
  A worm (D:3)
  A dart slug (D:1)
  10 orcs
  6 ball pythons
  6 bats
  8 endoplasms
  A giant cockroach (D:4)
  11 goblins
  8 hobgoblins
  3 quokkas
  4 frilled lizards
  7 kobolds
  6 rats
93 creatures vanquished.

Vanquished Creatures (collateral kills)
  An endoplasm (D:1)
  A goblin (D:1)
2 creatures vanquished.

Grand Total: 95 creatures vanquished

Notes
Turn   | Place    | Note
-------+----------+-------------------------------------------
     0 | D:1      | mdonais the Octopode Wanderer began the quest for the Orb.
     0 | D:1      | mdonais set off with the following items: a +0 dagger, a
                  | potion of lignification, a wand of flame (7); and the
                  | following spells available to memorise: Necrotise, Kiss of
                  | Death, Lesser Beckoning, Momentum Strike, Cigotuvi's
                  | Dreadful Rot.
     0 | D:1      | Reached XP level 1. HP: 11/11 MP: 3/3
     2 | D:1      | Learned a level 1 spell: Necrotise
     4 | D:1      | Learned a level 1 spell: Kiss of Death
    57 | D:1      | Reached skill level 1 in Stealth
   218 | D:1      | Reached XP level 2. HP: 17/17 MP: 3/5
   940 | D:2      | Reached XP level 3. HP: 21/21 MP: 6/6
  1090 | D:2      | Reached skill level 1 in Fighting
  1263 | D:2      | Reached XP level 4. HP: 19/28 MP: 7/7
  1479 | D:2      | Learned a level 2 spell: Momentum Strike
  1949 | D:3      | Found a faded altar of an unknown god.
  2160 | D:3      | Found a basalt altar of Yredelemnul.
  2243 | D:3      | Reached skill level 1 in Conjurations
  2303 | D:3      | Noticed an ogre
  2498 | D:3      | Reached XP level 5. HP: 29/33 MP: 3/9
  2765 | D:3      | Reached skill level 5 in Necromancy
  3342 | D:4      | Found a broken altar of Ashenzari.
  3379 | D:4      | Reached XP level 6. HP: 25/38 MP: 10/10
  3588 | D:4      | Found a snail-covered altar of Cheibriados.
  3596 | D:4      | Upgraded the game from 0.31-a0-358-gac0dbeb3ab to
                  | 0.31-a0-360-gb3e1d13bf4
  3755 | D:4      | Found Xaniycen's Distillery.
  3765 | D:4      | Found Ziemur's Serpentskin Sales.
  3765 | D:4      | Noticed a water moccasin
  3767 | D:4      | Killed a water moccasin
  3768 | D:4      | Reached skill level 1 in Dodging
  3768 | D:4      | Reached XP level 7. HP: 45/45 MP: 7/11
  3777 | D:4      | Bought 5 curare-tipped darts for 72 gold pieces
  3777 | D:4      | Bought a scroll of poison for 48 gold pieces
  4009 | D:4      | Became a worshipper of Cheibriados the Contemplative
  4075 | D:4      | Found a shimmering altar of Xom.
  4075 | D:4      | Found a burning altar of Makhleb.
  4321 | D:4      | Noticed Eustachio
  4403 | D:5      | Entered Level 5 of the Dungeon
  4595 | D:4      | Killed Eustachio
  4699 | D:4      | Reached XP level 8. HP: 4/52 MP: 5/12
  4702 | D:4      | Killed from afar by an orc wizard

Illustrated notes

Levels and vault maps discovered:
D:1:      minmay_arrival_stair_chambers, layout_basic
D:2:      layout_loops_cross
D:3:      cheibrodos_old_hovel, layout_basic, lemuel_doored_altar,
          hellmonk_ecumenical_altar_leap_of_faith, dreamdust_wishing_well
D:4:      layout_basic, grunt_temple_overflow_champion_of_chaos,
          evilmike_ruin_ashenzari, slow_altar_2, nicolae_take_the_stairs,
          hex_large, kennysheep_decorative_pillar, kennysheep_diamond,
          corexii_leaking_fountain, guppyfry_shop_venom, uniq_eustachio
D:5:      layout_loops_corners

Skill      XL: |  1  2  3  4  5  6  7 |
---------------+----------------------+-----
Stealth        | 2 3 4 |  4.0
Fighting       | 1 2 3 |  3.2
Conjurations   | 1 3 |  3.0
Spellcasting   | 3 |  3.0
Necromancy     | 5 |  5.0
Shields        | 2 4 |  4.0
Dodging        | 1 3 |  3.0
Translocations | |  3.0
Evocations     | |  1.1

Action                     |  1- 3 |  4- 6 |  7- 9 || total
---------------------------+-------+-------+-------++-------
  Melee: Dagger            |     7 |    36 |    10 ||    53
         Tentacles         |     2 |     6 |     5 ||    13
         Constrict         |     1 |    11 |     3 ||    15
         Hand axe          |     1 |       |       ||     1
         Punch             |       |     2 |     2 ||     4
   Fire: Sling             |    17 |    28 |       ||    45
  Throw: Dart              |       |       |     7 ||     7
   Cast: Necrotise         |    38 |    79 |    18 ||   135
         Momentum Strike   |       |     2 |     8 ||    10
    Use: Scroll            |       |       |     6 ||     6
   Stab: Distracted        |     1 |     1 |       ||     2
         Sleeping          |       |     3 |       ||     3
 Armour: Skin              |       |     4 |       ||     4
  Dodge: Dodged            |     4 |    23 |     4 ||    31
  Block: Buckler           |       |     3 |     6 ||     9

Table legend: (Time is in decaauts)
 A = Elapsed time spent in this place.
 B = Non-inter-level travel time spent in this place.
 C = Inter-level travel time spent in this place.
 D = Time resting spent in this place.
 E = Time spent auto-exploring this place.
 F = Levels seen in this place.
 G = Mean time per level.
                   A        B        C        D        E       F      G
               +--------+--------+--------+--------+--------+-----+--------+
         Total |   4828 |   4521 |    307 |    159 |   3475 |   5 |  965.6 |
       Dungeon |   4828 |   4521 |    307 |    159 |   3475 |   5 |  965.6 |
               +--------+--------+--------+--------+--------+-----+--------+

Top non-repeatable levels by time:
     D:4: 1577 daAuts
     D:2: 1125 daAuts
     D:3: 996 daAuts
     D:1: 926 daAuts
     D:5: 202 daAuts
